 Dungeon Crawl Stone Soup version 0.30.0 (webtiles) character file.

Game seed: 17654678727299318942

126 Kuronicle the Trooper (level 4, -4/35 HPs)
             Began as a Demonspawn Berserker on May 6, 2023.
             Was a Believer of Trog.
             Killed from afar by an orc wizard (9 damage)
             ... with a magic dart
             ... on level 3 of the Dungeon.
             The game lasted 00:04:59 (2396 turns).

Kuronicle the Trooper (Demonspawn Berserker)        Turns: 2396, Time: 00:05:01

Health: -4/35      AC:  6    Str: 19    XL:     4   Next: 83%
Magic:  4/4        EV: 10    Int:  9    God:    Trog [**....]
Gold:   147        SH:  0    Dex: 12    Spells: 3/3 levels left

rFire   . . .        l - +0 flail
rCold   . . .        (no shield)
rNeg    . . .        n - +0 scale mail
rPois   +            (helmet restricted)
rElec   .            (no cloak)
rCorr   .            (no gloves)
SInv    .            (no boots)
Will    .....        (no amulet) Stlth
                     k - ring of poison resistance
HPRegen 0.25/turn    (no ring)
MPRegen 0.09/turn

%: no passive effects
@: confused, on berserk cooldown, slowed, very slow
A: horns 1
a: Renounce Religion, Berserk, Trog's Hand


You were on level 3 of the Dungeon.
You worshipped Trog.
Trog was pleased with you.
You visited 1 branch of the dungeon, and saw 3 of its levels.

You collected 147 gold pieces.

Inventory:

Hand Weapons
 l - a +0 flail (weapon)
Armour
 n - a +0 scale mail (worn)
Jewellery
 k - a ring of poison resistance (left hand)
Scrolls
 a - a scroll of teleportation {unknown}
 i - 2 scrolls of noise {unknown}
 j - a scroll of brand weapon {unknown}
 o - 2 scrolls of enchant armour {unknown}
 q - a scroll of vulnerability {unknown}
 r - a scroll of blinking {unknown}
Potions
 b - a potion of cancellation
 c - a potion of brilliance {unknown}
 d - 2 potions of heal wounds
 e - a potion of degeneration {unknown}
 f - a potion of magic {unknown}
 g - 3 potions of curing
 h - a potion of ambrosia
 m - 2 potions of might {unknown}
 p - a potion of flight {unknown}
 s - a potion of mutation {unknown}


   Skills:
 - Level 3.0 Fighting
 * Level 2.9 Maces & Flails
 - Level 2.4 Armour
 - Level 2.5 Dodging
 - Level 3.0 Unarmed Combat


You had 3 spell levels left.
You didn't know any spells.
Your spell library was empty.

Dungeon Overview and Level Annotations

Branches:
Dungeon (3/15)

Altars:


Innate Abilities, Weirdness & Mutations

You have a pair of small horns on your head.


Message History

The orc barely misses you.
You thump something!
You feel sick.
The orc hits you with a +1 short sword of venom.
Something hits you but does no damage.
You barely miss something.
You feel sick. Something hits you but does no damage. The orc misses you.
You miss something. Your headbutt misses something.
You feel sick. The orc barely misses you.
Something hits you but does no damage.
You sock the orc!
You kill the orc!
Trog accepts your kill.
You hear some strange, mumbled words.
You are confused.
You miss something.
You feel sick.
You closely miss something.
You feel sick. Something hits you but does no damage.
You bump into the rock wall.
You feel sick.
You hear some strange, mumbled words.
A puff of flame appears from out of thin air!
The puff of flame hits you!
* * * LOW HITPOINT WARNING * * *
You completely miss something. Something hits you but does no damage.
You bump into the rock wall.
You feel sick.
You are no longer poisoned.
You completely miss something. Something hits you but does no damage.
You miss something.
You hear some strange, mumbled words.
A puff of flame appears from out of thin air!
The puff of flame hits you.
* * * LOW HITPOINT WARNING * * *
You miss something. Something hits you.
* * * LOW HITPOINT WARNING * * *
You closely miss something.
You are no longer berserk.
You are exhausted.
You feel yourself slow down.
You hear some strange, mumbled words.
A magic dart appears from out of thin air!
The magic dart hits you!
You die...

#.##.......#
#.##.......#
#.#####<.......[.#
##
...........#######
#. .#########..#
####. ##.#
###....## #.#
........#### #.#
#..{@.###### #.#
#..###).....###.###
#..# ######...#...#
#.# ###.....# ...
####...... ...
####### ... ###


There were no monsters in sight!

Vanquished Creatures
  Natasha (D:2)
  An orc wizard (D:3)
  2 adders (D:2)
  A worm (D:2)
  A dart slug (D:2)
  An orc (D:3)
  6 bats
  4 endoplasms (D:1)
  3 giant cockroaches
  7 goblins
  5 hobgoblins (D:1)
  7 kobolds
  A quokka (D:1)
  2 ball pythons
  2 frilled lizards
  4 rats
48 creatures vanquished.

Vanquished Creatures (others)
  2 plants (D:1)
2 creatures vanquished.

Grand Total: 50 creatures vanquished

Notes
Turn   | Place    | Note
-------+----------+-------------------------------------------
     0 | D:1      | Kuronicle the Demonspawn Berserker began the quest for the
                  | Orb.
     0 | D:1      | Reached XP level 1. HP: 18/18 MP: 1/1
    74 | D:1      | Gained mutation: You have a pair of small horns on your
                  | head. [demonic ancestry]
    74 | D:1      | Reached XP level 2. HP: 17/24 MP: 2/2
   967 | D:1      | Reached XP level 3. HP: 29/29 MP: 3/3
  1081 | D:1      | Reached ** piety under Trog
  1690 | D:2      | Reached skill level 1 in Maces & Flails
  1884 | D:2      | Reached XP level 4. HP: 29/35 MP: 4/4
  1915 | D:2      | Noticed Natasha
  1922 | D:2      | Killed Natasha
  2068 | D:2      | Found a faded altar of an unknown god.
  2396 | D:3      | Killed from afar by an orc wizard

Illustrated notes

Levels and vault maps discovered:
D:1:      dpeg_arrival_tiny_g, layout_basic, serial_bayou_pond_a, minivault_5,
          dreamdust_princess_corridor, minmay_pentomino_q4
D:2:      kb_forest_paths, layout_basic, nicolae_ecumenical_lake_church,
          uniq_natasha
D:3:      layout_rooms, mainiacjoe_overflow_alcove_2, portal_sewer_entry_b,
          uniq_sigmund

Skill      XL: |  1  2  3  4 |
---------------+-------------+-----
Armour         | 2 |  2.4
Dodging        | 2 |  2.5
Unarmed Combat | 3 |  3.0
Maces & Flails | 1 2 |  2.9
Fighting       | |  3.0

Action                     |  1- 3 |  4- 6 || total
---------------------------+-------+-------++-------
  Melee: Unarmed           |    63 |       ||    63
         Punch             |     3 |     1 ||     4
         Headbutt          |    14 |     4 ||    18
         Flail             |    44 |    51 ||    95
 Invoke: Berserk           |       |     1 ||     1
    Use: Scroll            |     6 |       ||     6
 Armour: Animal skin       |     9 |       ||     9
         Ring mail         |    16 |       ||    16
         Scale mail        |    20 |    32 ||    52
  Dodge: Dodged            |    59 |     6 ||    65
